Map: Orbital Shipyard

Players

Leakian

  • Race: Zerg Zerg

LilDicky - Winner!

  • Race: Terran Terran
  • League: Diamond

VOD

http://www.twitch.tv/tumescentpie

Description

Time

  • Played on: Nov. 29, 2015, 4:21 p.m.
  • Length: 6:46
Show
View Real Time Build Order
Export as new Build Order

Leakian Zerg 

Build Orders: Hatch First, Roach Nydus 

Get SALT Encoding   

  12  0:02  Drone  
  13  0:12  Overlord  
  13  0:18  Drone  
  14  0:31  Drone x2  
  14  0:34  Drone  
  17  0:45  Drone  
  18  0:58  Hatchery  
  18  0:59  Drone  
  18  1:06  Drone  
  19  1:17  Spawning Pool  
  19  1:18  Drone  
  19  1:22  Extractor  
  18  1:28  Drone  
  19  1:40  Drone  
  20  1:48  Extractor  
  20  1:51  Drone  
  20  2:03  Queen  
  20  2:06  Overlord  
  22  2:13  Queen  
  22  2:14  Drone  
  25  2:22  Drone  
  26  2:23  Drone x2  
  28  2:35  Overlord  
  28  2:36  Drone  
  29  2:39  Lair  
  29  2:50  Extractor  
  28  3:02  Drone x2  
  30  3:09  Drone x2  
  30  3:10  Drone  
  33  3:14  Queen  
  33  3:16  Overlord x2  
  36  3:27  Drone x3  
  36  3:28  Drone  
  39  3:51  Drone, Roach Warren  
  39  3:59  Drone, Nydus Network  
  39  4:00  Drone x3  
  39  4:02  Drone x2  
  44  4:09  Drone  
  46  4:10  Drone x2  
  46  4:11  Overlord x2  
  47  4:20  Overseer  
  47  4:21  Overseer  
  47  4:22  Overseer  
  47  4:32  Roach x3  
  47  4:34  Roach x3  
  47  4:36  Roach  
  47  4:38  Roach  
  63  4:40  Roach  
  65  4:50  Roach x3  
  65  4:52  Roach  
  73  5:12  Overlord  
  73  5:13  Overlord x3  
  73  5:30  Queen x2  
  77  5:39  Nydus Canal  
  77  5:43  Roach x2  
  77  5:44  Roach x3  
  77  5:45  Roach x6  
Show
View Real Time Build Order
Export as new Build Order

LilDicky Terran - Winner!

Build Orders: Liberator Opening 

Get SALT Encoding   

  12  0:01  SCV  
  13  0:13  SCV  
  14  0:18  Supply Depot  
  14  0:27  SCV  
  15  0:39  SCV, Refinery  
  16  0:51  SCV  
  16  0:53  Barracks  
  16  0:57  Barracks  
  17  1:03  SCV  
  18  1:16  SCV  
  19  1:28  SCV  
  22  1:47  Orbital Command  
  22  1:52  Command Center, Reaper  
  21  2:00  Supply Depot  
  21  2:04  Refinery  
  21  2:13  SCV  
  22  2:25  SCV, Barracks Tech Lab  
  22  2:26  Factory  
  23  2:37  SCV  
  23  2:38  Refinery  
  24  3:14  Starport  
  24  3:16  SCV  
  24  3:17  Orbital Command  
  25  3:25  Barracks Reactor  
  25  3:28  SCV, Refinery  
  26  3:34  Liberator  
  26  3:40  SCV  
  27  3:46  SCV  
  27  3:50  Siege Tank  
  27  3:55  Command Center  
  33  3:56  SCV  
  33  3:58  SCV  
  35  4:08  SCV  
  36  4:11  SCV  
  37  4:18  Marine  
  37  4:20  SCV, Marine  
  37  4:23  SCV  
  41  4:24  Siege Tank  
  44  4:32  SCV  
  44  4:35  SCV  
  46  4:52  Command Center  
  46  4:53  Starport Reactor  
  46  4:58  SCV x2, Marine x2  
  46  4:59  Siege Tank  
  53  5:12  Orbital Command  
  53  5:14  SCV, Liberator  
  53  5:16  Supply Depot  
  53  5:19  Barracks, Liberator  
  54  5:21  Barracks  
  54  5:22  SCV, Marine  
  54  5:26  SCV  
  57  5:29  Supply Depot, Marine  
  57  5:31  Orbital Command  
  57  5:34  SCV  
  62  5:39  SCV  
  66  5:46  SCV  
  67  5:57  Orbital Command  
  48  6:19  Orbital Command  
Tags
 
Add a new tag
Caveats
  • Supply blocks, unpowered buildings, or Contaminate may cause inaccurate times.
  • Supply counts are checked every 10 seconds.